Map: Lerilak Crest

Players

Wellmet - Winner!

  • Race: Terran Terran
  • League: Diamond

CaVaLieR

  • Race: Protoss Protoss
  • League: Platinum

VOD

Have the link to the VOD?

Description

Time

  • Played on: Nov. 13, 2015, 3:37 a.m.
  • Length: 9:36
Show
View Real Time Build Order
Export as new Build Order

Wellmet Terran - Winner!

Build Orders: Command Center First (CC), MMM Bio 

Get SALT Encoding   

  12  0:01  SCV  
  13  0:13  SCV  
  14  0:17  Supply Depot  
  14  0:25  SCV  
  15  0:39  SCV  
  16  0:51  SCV  
  17  1:00  Command Center  
  17  1:04  SCV  
  18  1:16  Barracks  
  18  1:18  SCV  
  19  1:31  SCV  
  20  1:40  Barracks  
  20  1:43  SCV  
  21  2:02  Engineering Bay  
  21  2:03  Marine  
  21  2:05  Orbital Command  
  22  2:10  Bunker  
  21  2:16  Orbital Command  
  21  2:23  Marine  
  21  2:24  Refinery  
  21  2:27  Marine  
  23  2:32  SCV  
  24  2:41  SCV, Marine  
  24  2:44  SCV  
  27  2:45  Marine  
  28  2:53  SCV, Barracks  
  28  2:56  SCV  
  30  2:59  Marine  
  31  3:10  SCV x2  
  33  3:13  Barracks Reactor, Refinery  
  33  3:19  Marine  
  34  3:22  Command Center  
  34  3:25  SCV  
  34  3:26  Supply Depot  
  35  3:27  SCV  
  36  3:37  Marine  
  37  3:45  SCV  
  37  3:47  SCV  
  39  3:49  Supply Depot  
  39  3:52  Barracks Tech Lab, Engineering Bay  
  38  3:56  Marine x2  
  38  3:59  SCV x2  
  38  4:01  Barracks Tech Lab  
  42  4:11  Supply Depot, SCV x2  
  42  4:12  Stimpack, Marine  
  45  4:19  Marine x3  
  45  4:20  Combat Shields  
  45  4:23  SCV  
  49  4:29  SCV  
  50  4:35  SCV  
  51  4:41  SCV, Marauder x2, Marine x2  
  51  4:42  Orbital Command  
  58  4:47  SCV  
  58  4:50  Factory  
  58  4:51  Refinery  
  59  4:53  SCV  
  59  4:57  Supply Depot  
  59  4:59  SCV  
  61  5:05  SCV  
  61  5:06  Marauder, Marine x2  
  61  5:07  Marauder  
  68  5:14  SCV x2  
  69  5:22  Terran Infantry Weapons Level 1, Supply Depot  
  69  5:26  Marine x2  
  73  5:28  SCV x2  
  73  5:31  Marauder x2  
  77  5:38  Starport  
  77  5:39  Supply Depot  
  76  5:45  Factory Reactor  
  76  5:49  Marine  
  75  5:50  SCV, Marine  
  75  5:54  SCV  
  76  5:57  Marauder x2  
  76  6:00  SCV  
  76  6:10  SCV x2  
  74  6:16  SCV  
  73  6:18  Marine x2  
  73  6:23  SCV  
  73  6:24  SCV  
  74  6:29  Marine x2  
  74  6:32  SCV  
  70  6:33  Widow Mine, Medivac x2  
  70  6:36  SCV  
  70  6:39  Orbital Command  
  69  6:40  SCV  
  69  6:42  Barracks  
  69  6:46  Barracks  
  69  6:48  SCV  
  69  6:55  Marauder x2, Marine x2  
  69  6:59  SCV  
  69  7:00  SCV  
  69  7:01  Refinery  
  77  7:04  Concussive Shells  
  77  7:05  Supply Depot  
  77  7:10  SCV  
  77  7:11  SCV  
  77  7:12  SCV  
  77  7:13  Marine x2  
  81  7:16  Marine  
  81  7:22  SCV  
  80  7:23  Medivac  
  80  7:24  SCV x2  
  80  7:25  Viking  
  86  7:34  Barracks Reactor  
  86  7:35  Barracks Tech Lab  
  86  7:36  SCV x2  
  88  7:46  SCV  
  88  7:48  SCV  
  90  7:53  Marine x2  
  90  7:54  Marauder x3  
  90  7:55  SCV  
  90  7:58  SCV  
  100  8:09  Supply Depot  
  100  8:10  Supply Depot  
  100  8:13  SCV  
  100  8:14  Refinery x2  
  100  8:15  Bunker  
  100  8:19  Supply Depot  
  101  8:30  Supply Depot, Factory Reactor, Marine  
  101  8:31  SCV x3, Marine x2, Marauder x2  
  113  8:41  Marauder  
  113  8:43  SCV x2  
  111  8:52  SCV  
  111  8:53  Marauder x2, Marine x2  
  111  8:55  SCV  
  115  8:56  Medivac x2  
  121  9:03  Marauder  
  121  9:06  SCV  
  121  9:08  Barracks x2  
  121  9:09  Barracks  
  120  9:14  Marine  
  120  9:15  Marine  
  122  9:20  SCV  
  129  9:35  Starport  
Show
View Real Time Build Order
Export as new Build Order

CaVaLieR Protoss 

Build Orders:  

Get SALT Encoding   

  12  0:02  Probe (Chrono Boost)  
  13  0:13  Probe (Chrono Boost)  
  14  0:18  Pylon  
  14  0:23  Probe (Chrono Boost)  
  15  0:37  Gateway, Probe (Chrono Boost)  
  16  0:43  Assimilator  
  16  0:48  Probe (Chrono Boost)  
  17  0:58  Probe (Chrono Boost)  
  18  1:05  Pylon  
  18  1:09  Probe (Chrono Boost)  
  19  1:19  Probe (Chrono Boost)  
  20  1:25  Cybernetics Core  
  20  1:30  Probe (Chrono Boost)  
  21  1:40  Probe (Chrono Boost)  
  22  1:58  Assimilator  
  22  2:07  Warp Gate  
  22  2:08  Adept  
  22  2:14  Pylon  
  24  2:21  Probe (Chrono Boost)  
  25  2:32  Robotics Facility  
  25  2:34  Probe (Chrono Boost)  
  26  2:48  Stalker  
  29  2:51  Probe (Chrono Boost)  
  29  3:04  Gateway  
  29  3:06  Gateway  
  29  3:11  Nexus  
  29  3:20  Warp Prism  
  29  3:24  Probe (Chrono Boost)  
  32  3:35  Mothership Core (Chrono Boost)  
  34  3:53  Probe (Chrono Boost)  
  33  4:03  Probe (Chrono Boost)  
  33  4:08  Gateway x2  
  34  4:10  Pylon  
  34  4:11  Pylon  
  34  4:14  Probe (Chrono Boost)  
  34  4:16  Adept x2  
  39  4:25  Probe (Chrono Boost)  
  39  4:30  Adept  
  42  4:35  Pylon  
  42  4:42  Probe x2 (Chrono Boost)  
  44  4:48  Observer  
  45  5:03  Sentry  
  45  5:04  Adept x2  
  51  5:27  Probe x2 (Chrono Boost)  
  53  5:34  Robotics Bay  
  53  5:43  Sentry  
  53  5:44  Sentry  
  53  5:48  Stalker  
  53  5:49  Stalker  
  61  6:01  Probe x2  
  63  6:04  Assimilator  
  63  6:07  Sentry x2  
  63  6:09  Assimilator  
  63  6:25  Stalker x2  
  61  6:32  Probe x2  
  55  6:40  Zealot x2  
  55  6:45  Probe x2  
  53  6:47  Disruptor  
  56  6:57  Probe x2  
  58  7:09  Probe  
  58  7:10  Probe  
  58  7:11  Adept  
  58  7:12  Adept x3  
  68  7:22  Probe x2, Disruptor  
  65  7:33  Gateway  
  65  7:34  Probe x2, Gateway  
  61  7:38  Gateway  
  61  7:39  Gateway  
  61  7:41  Pylon  
  61  7:43  Pylon  
  59  7:46  Probe x2  
  59  7:47  Extended Thermal Lance (Chrono Boost)  
  59  7:50  Forge  
  59  7:52  Forge  
  59  7:55  Zealot x2  
  59  7:56  Zealot x2  
  67  8:01  Probe x2  
  69  8:10  Nexus  
  69  8:12  Pylon  
  69  8:13  Probe, Pylon  
  69  8:16  Sentry, Pylon  
  69  8:17  Sentry x2  
  69  8:18  Stalker  
  78  8:34  Immortal  
  59  8:58  Zealot x3  
  59  8:59  Zealot  
  59  9:00  Stalker x4  
  43  9:27  Stalker  
  43  9:30  Stalker  
Tags
 
Add a new tag
Caveats
  • Supply blocks, unpowered buildings, or Contaminate may cause inaccurate times.
  • Supply counts are checked every 10 seconds.